 Dungeon Crawl Stone Soup version 0.30-a0-748-ge6a52f7cba (webtiles) character file.

Game seed: 904961946855604426

28 Esekla the Sneak (level 3, 26/26 HPs)
             Began as an Octopode Delver on Feb 8, 2023.
             Quit the game on level 5 of the Dungeon.
             The game lasted 00:01:16 (204 turns).

Esekla the Sneak (Octopode Delver)                   Turns: 204, Time: 00:01:17

Health: 26/26      AC:  1    Str: 11    XL:     3   Next: 12%
Magic:  3/3        EV: 13    Int: 14    God:
Gold:   12         SH:  0    Dex: 13    Spells: 3/3 levels left

rFire   . . .      SeeInvis .    a - +0 falchion
rCold   . . .      Faith    .    (no shield)
rNeg    . . .      Spirit   .    (helmet restricted)
rPois   .          Reflect  .    (no amulet)
rElec   .          Harm     .    (no ring)
rCorr   .          Rampage  .    (no ring)
Will    .....                    (no ring)
Stlth   ++++                     (no ring)
HPRegen 0.24/turn                (no ring)
MPRegen 0.08/turn                (no ring)
                                 (no ring)
                                 (no ring)

@: no status effects
A: almost no armour, amphibious, 8 rings, camouflage 1, gelatinous body 1,
(nimble swimmer 1), tentacles
a: no special abilities


You were on level 5 of the Dungeon.
You visited 1 branch of the dungeon, and saw 1 of its levels.

You collected 12 gold pieces.

Inventory:

Hand Weapons
 a - a +0 falchion (weapon)
 c - a +0 dagger
Wands
 f - a wand of digging (3)
Scrolls
 b - 2 scrolls of fog
 d - a scroll of fear
Potions
 e - a potion of haste


   Skills:
 * Level 3.2 Fighting
 * Level 2.1 Long Blades
 * Level 2.2 Dodging
 + Level 7.2 Stealth
 * Level 0.5 Spellcasting


You had 3 spell levels left.
You didn't know any spells.
Your spell library was empty.

Dungeon Overview and Level Annotations

Branches:
Dungeon (5/15)
 Temple: D:4-7

Altars:
Vehumet
The Shining One


Innate Abilities, Weirdness & Mutations

You cannot wear most types of armour.
You are amphibious.
You can wear up to eight rings at the same time.
Your skin changes colour to match your surroundings (Stealth+).
Your rubbery body absorbs attacks. (AC +1, EV +1)
((You are camouflaged when in or above water. (Stealth+)))
You have tentacles for arms and can constrict up to eight enemies at once.


Message History

You constrict the orc. The orc closely misses you.
The orc hits you with a +0 mace.
You hit the orc but do no damage.
The orc is severely wounded.
You constrict the orc, but do no damage.
The orc hits you with a +0 mace.
You hit the orc but do no damage.
The orc is severely wounded.
You constrict the orc.
You kill the orc!
You hit the orc wizard. Your grab misses the orc wizard.
The orc wizard is lightly wounded.
The orc wizard completely misses you.
You closely miss the orc wizard. You grab the orc wizard.
You squeeze the orc wizard!
The orc wizard is severely wounded.
You constrict the orc wizard.
The orc wizard hits you with a +0 dagger.
* * * LOW HITPOINT WARNING * * *
You hit the orc wizard.
You kill the orc wizard!
Your Stealth skill increases to level 7!
You have reached level 2!
You have reached level 3!
Your experience leads to an increase in your attributes!
Increase (S)trength, (I)ntelligence, or (D)exterity?
You feel clever. x2
Items here: )) [[.
c - a +0 dagger You start resting.
HP restored.
Found 12 gold pieces.
Found an escape hatch in the ceiling.
You see here 12 gold pieces.
You see here 12 gold pieces.
You now have 12 gold pieces.
Autopickup is now on.
A worm comes into view.
Found a radiant altar of Vehumet.
Are you sure you want to abandon this character and quit the game? (Confirm with "yes".)

*,* ##.######.#******
*,*********###.....##.#*,,,,,
*,,,,,,,,,,..#####.##.#*,,,,,
***********#.# #.##.##,,,,,
#.# #.##..,,,,,, #.#
#.##.#*,,,,, ###.###
#.##.####..# #.._..#
#........... #.#@#.#
####.####..*
#.....######.####..#
#.#.............w..#
##.#.#######......## ##.##
######## ##*


There were no monsters in sight!

Vanquished Creatures
  An orc wizard (D:5)
  An orc (D:5)
  A quokka (D:5)
3 creatures vanquished.

Notes
Turn   | Place    | Note
-------+----------+-------------------------------------------
     0 | D:5      | Esekla the Octopode Delver began the quest for the Orb.
     0 | D:5      | Reached XP level 1. HP: 16/16 MP: 1/1
    28 | D:5      | Noticed an orc wizard
    42 | D:5      | Noticed an orc wizard
    49 | D:5      | Noticed an orc priest
    58 | D:5      | Found a glowing golden altar of the Shining One.
    58 | D:5      | Noticed an iguana
    77 | D:5      | Killed an orc wizard
    78 | D:5      | Reached skill level 7 in Stealth
    78 | D:5      | Reached XP level 2. HP: 3/21 MP: 2/2
    78 | D:5      | Reached XP level 3. HP: 4/26 MP: 3/3
   201 | D:5      | Found a radiant altar of Vehumet.
   204 | D:5      | Quit the game

Illustrated notes

Levels and vault maps discovered:
D:5:      layout_loops_ring, lemuel_crystal_altar, mainiacjoe_overflow_brackets,
          chequers_serial_rivers_small_3, uniq_ijyb

Skill      XL: |  1 |
---------------+----+-----
Stealth        | 7 |  7.2
Fighting       | |  3.2
Long Blades    | |  2.1
Dodging        | |  2.2
Spellcasting   | |  0.5

Action                     || total
---------------------------++-------
  Melee: Falchion          ||    10
         Constrict         ||     3
         Tentacles         ||     1
    Use: Scroll            ||     1
  Dodge: Dodged            ||     4

Table legend: (Time is in decaauts)
 A = Elapsed time spent in this place.
 B = Non-inter-level travel time spent in this place.
 C = Inter-level travel time spent in this place.
 D = Time resting spent in this place.
 E = Time spent auto-exploring this place.
 F = Levels seen in this place.
 G = Mean time per level.
                   A        B        C        D        E       F      G
               +--------+--------+--------+--------+--------+-----+--------+
         Total |    206 |    206 |      0 |     88 |      0 |   1 |  206.0 |
       Dungeon |    206 |    206 |      0 |     88 |      0 |   1 |  206.0 |
               +--------+--------+--------+--------+--------+-----+--------+

Top non-repeatable levels by time:
     D:5: 206 daAuts
